 Dungeon Crawl Stone Soup version 0.21-a0-536-gdbbf329 (webtiles) character file.

1507 Crossroads the Grasshopper (level 8, -4/64 HPs)
             Began as a Gnoll Warper on Dec 15, 2017.
             Slain by a warg (14 damage)
             ... on level 8 of the Dungeon.
             The game lasted 00:32:41 (4531 turns).

Crossroads the Grasshopper (Gnoll Warper)           Turns: 4531, Time: 00:32:41

Health: -4/64      AC: 10    Str: 15    XL:     8   Next: 82%
Magic:  17/17      EV: 14    Int: 16    God:
Gold:   234        SH:  0    Dex: 15    Spells: 10/19 levels left

rFire    + + .     SeeInvis .   q - +2 war axe (venom)
rCold    x . .     Gourm    .   (no shield)
rNeg     . . .     Faith    .   u - +3 ring mail {rF+}
rPois    +         Spirit   .   (no helmet)
rElec    .         Reflect  .   l - +0 cloak
rCorr    .         Harm     .   (no gloves)
MR       .....                  (no boots)
Stlth    ++........             (no amulet)
HPRegen  0.20/turn              E - ring of fire
MPRegen  0.15/turn              r - ring of poison resistance

@: no status effects
A: distributed training, fangs 1, strong nose
a: no special abilities


You were on level 8 of the Dungeon.
You were not hungry.

You visited 1 branch of the dungeon, and saw 8 of its levels.

You collected 234 gold pieces.

Inventory:

Hand Weapons
 a - a +0 short sword
 k - a +0 dagger
 q - a +2 war axe of venom (weapon)
Missiles
 e - 5 tomahawks of dispersal (quivered)
 x - 14 tomahawks
Armour
 b - a +0 leather armour
 l - a +0 cloak (worn)
 o - a +0 plate armour
 u - a +3 ring mail of fire resistance (worn)
Jewellery
 r - a ring of poison resistance (right hand)
 E - a ring of fire (left hand)
Wands
 f - a wand of flame (20)
 t - a wand of polymorph (11)
Scrolls
 d - a scroll of blinking
 g - a scroll of remove curse
 h - a scroll of random uselessness {unknown}
 i - 2 scrolls of amnesia {unknown}
 j - a scroll of magic mapping {unknown}
 n - a scroll of teleportation {unknown}
 v - 2 scrolls of enchant weapon {unknown}
 y - a scroll of immolation {unknown}
 z - a scroll of noise {unknown}
 A - 3 scrolls of identify
 B - 2 scrolls of fear {unknown}
Potions
 p - 2 potions of curing
 s - 3 potions of lignification
 D - 2 potions of haste {unknown}
 F - a potion of might {unknown}
Books
 c - a book of Spatial Translocations

   Spells                             Type                      Level
   a - Blink                          Translocation                2
   b - Shroud of Golubria             Charms/Translocation         2
   c - Lesser Beckoning               Translocation                3
   d - Gell's Gravitas                Translocation                3
   e - Teleport Other                 Translocation                3
   f - Passage of Golubria            Translocation                4
 C - a book of Callings

   Spells                             Type                      Level
   a - Summon Small Mammal            Summoning                    1
   b - Call Imp                       Summoning                    2
   c - Call Canine Familiar           Summoning                    3
   d - Summon Guardian Golem          Hexes/Summoning              3
   e - Summon Lightning Spire         Summoning/Air                4
   f - Summon Ice Beast               Ice/Summoning                4
Comestibles
 m - 2 meat rations
 w - a royal jelly


   Skills:
 + Level 5.8 Fighting
 + Level 5.8 Short Blades
 + Level 3.5 Long Blades
 + Level 3.5 Axes
 + Level 3.5 Maces & Flails
 + Level 3.5 Polearms
 + Level 3.5 Staves
 + Level 3.5 Slings
 + Level 3.5 Bows
 + Level 3.5 Crossbows
 + Level 4.4 Throwing
 + Level 4.4 Armour
 + Level 5.8 Dodging
 + Level 3.5 Stealth
 + Level 3.5 Shields
 + Level 3.5 Unarmed Combat
 + Level 6.2 Spellcasting
 + Level 2.9 Conjurations
 + Level 2.9 Hexes
 + Level 2.9 Charms
 + Level 2.9 Summonings
 + Level 2.9 Necromancy
 + Level 6.2 Translocations
 + Level 2.9 Transmutations
 + Level 2.9 Fire Magic
 + Level 2.9 Ice Magic
 + Level 2.9 Air Magic
 + Level 2.9 Earth Magic
 + Level 2.9 Poison Magic
 + Level 3.9 Invocations
 + Level 3.5 Evocations


You had 10 spell levels left.
You knew the following spells:

 Your Spells              Type           Power        Failure   Level  Hunger
a - Gell's Gravitas       Tloc           ###.......   5%          3    ##.....
b - Blink                 Tloc           N/A          2%          2    #......
c - Summon Lightning Spi  Summ/Air       ##......     58%         4    ####...


Dungeon Overview and Level Annotations

Branches:
Dungeon (8/15)             Temple (0/1) D:6
   Lair: D:8-11

Altars:
Dithmenos
Gozag
Makhleb
Okawaru
Trog
Zin

Shops:
D:8 (


Innate Abilities, Weirdness & Mutations

Your experience applies equally to all skills.
You have very sharp teeth.
Your uncanny sense of smell can sniff out nearby items.


Message History

You closely miss the orc warrior. The warg bites you.
The orc warrior closely misses you.
An orc comes into view.
You slash the warg!
The warg is poisoned.
The warg is heavily wounded.
You hit the orc warrior.
You kill the orc warrior!
The warg misses you.
The orc wizard looks encouraged for a moment.
The orc moves out of view.
The warg bites you!
* * * LOW HITPOINT WARNING * * *
An orc priest comes into view. It is wielding a short sword.
Casting: Summon Lightning Spire
Confirm with . or Enter, or press ? or * to list all spells.
You don't know that spell.
You miss the warg.
The warg is heavily wounded.
The orc priest shouts!
You hit the orc wizard.
The orc wizard is poisoned.
The warg bites you!
You die...

### #.# #.# #....
#.# #.# #..o.. #.#
#.# ...o.
#######.###.# .o.
..........#.#####o#
#######.#.........#
∆ #.#.........#
#....##.#ho##.###
#........@)...>..
##...##.##)##.###
##..##.# .# #
#...... .# #.###..
.. ### #. .# .#


You could see a warg, an orc warrior, an orc priest, an orc wizard and an orc.

Vanquished Creatures
  Eustachio (D:6)
  An orc warrior (D:8)
  A sky beast (D:4)
  An ice beast (D:3)
  An ogre (D:4)
  A centaur (D:7)
  3 bullfrogs
  A scorpion (D:6)
  A howler monkey (D:4)
  A bullfrog zombie (D:6)
  3 crimson imps
  A bullfrog skeleton (D:6)
  2 orc priests
  An iguana (D:8)
  Ijyb (D:3)
  4 orc wizards
  2 hound zombies
  Robin (D:3)
  3 gnolls (D:7)
  4 adders
  7 worms
  A dart slug (D:2)
  A leopard gecko (D:3)
  19 orcs
  4 giant cockroaches
  11 hobgoblins
  5 jackals
  2 quokkas
  3 ball pythons
  12 bats
  3 frilled lizards
  8 goblins
  A jackal skeleton (D:6)
  6 kobolds
  A leopard gecko skeleton (D:6)
  6 rats
124 creatures vanquished.

Vanquished Creatures (collateral kills)
  2 orc wizards (D:8)
  An orc (D:8)
3 creatures vanquished.

Grand Total: 127 creatures vanquished

Notes
Turn   | Place    | Note
-------+----------+-------------------------------------------
     0 | D:1      | Crossroads the Gnoll Warper began the quest for the Orb.
     0 | D:1      | Reached XP level 1. HP: 20/20 MP: 6/6
   313 | D:1      | Reached XP level 2. HP: 23/26 MP: 7/7
   714 | D:2      | Found an iron altar of Okawaru.
   885 | D:2      | Reached XP level 3. HP: 31/31 MP: 9/9
   901 | D:2      | Reached skill level 5 in Spellcasting
  1266 | D:3      | Noticed Robin
  1268 | D:3      | Reached skill level 1 in Invocations
  1270 | D:3      | Killed Robin
  1270 | D:3      | Reached skill level 1 in Long Blades
  1270 | D:3      | Reached skill level 1 in Axes
  1270 | D:3      | Reached skill level 1 in Maces & Flails
  1270 | D:3      | Reached skill level 1 in Polearms
  1270 | D:3      | Reached skill level 1 in Staves
  1270 | D:3      | Reached skill level 1 in Slings
  1270 | D:3      | Reached skill level 1 in Bows
  1270 | D:3      | Reached skill level 1 in Crossbows
  1270 | D:3      | Reached skill level 1 in Stealth
  1270 | D:3      | Reached skill level 1 in Shields
  1270 | D:3      | Reached skill level 1 in Unarmed Combat
  1270 | D:3      | Reached skill level 1 in Evocations
  1350 | D:3      | Reached XP level 4. HP: 21/38 MP: 11/11
  1502 | D:3      | Noticed Ijyb
  1529 | D:3      | Killed Ijyb
  1529 | D:3      | Reached skill level 1 in Conjurations
  1529 | D:3      | Reached skill level 1 in Hexes
  1529 | D:3      | Reached skill level 1 in Charms
  1529 | D:3      | Reached skill level 1 in Summonings
  1529 | D:3      | Reached skill level 1 in Necromancy
  1529 | D:3      | Reached skill level 1 in Transmutations
  1529 | D:3      | Reached skill level 1 in Fire Magic
  1529 | D:3      | Reached skill level 1 in Ice Magic
  1529 | D:3      | Reached skill level 1 in Air Magic
  1529 | D:3      | Reached skill level 1 in Earth Magic
  1529 | D:3      | Reached skill level 1 in Poison Magic
  1623 | D:3      | Noticed a moth of wrath
  1631 | D:3      | Found a bloodstained altar of Trog.
  1746 | D:3      | Reached XP level 5. HP: 39/43 MP: 12/12
  1922 | D:3      | Noticed an ice beast
  1931 | D:3      | Killed an ice beast
  1931 | D:3      | Reached XP level 6. HP: 22/50 MP: 13/13
  2130 | D:3      | Learned a level 3 spell: Gell's Gravitas
  2342 | D:3      | Found a shadowy altar of Dithmenos.
  2653 | D:4      | Reached skill level 5 in Fighting
  2653 | D:4      | Reached skill level 5 in Short Blades
  2653 | D:4      | Reached skill level 5 in Dodging
  2696 | D:4      | Noticed a sky beast
  2703 | D:4      | Killed a sky beast
  2703 | D:4      | Reached XP level 7. HP: 12/56 MP: 5/15
  3020 | D:4      | Found an opulent altar of Gozag.
  3359 | D:5      | Entered Level 5 of the Dungeon
  3487 | D:6      | Found a staircase to the Ecumenical Temple.
  3502 | D:6      | Found a glowing silver altar of Zin.
  3502 | D:6      | Found a burning altar of Makhleb.
  3503 | D:6      | Noticed a blizzard demon
  3503 | D:6      | Noticed an angel
  3724 | D:6      | Found an opulent altar of Gozag.
  3773 | D:6      | Noticed Eustachio
  3814 | D:6      | Killed Eustachio
  3814 | D:6      | Reached XP level 8. HP: 49/63 MP: 11/16
  3865 | D:6      | Learned a level 2 spell: Blink
  3921 | D:7      | Learned a level 4 spell: Summon Lightning Spire
  4493 | D:8      | Found Calip's Weapon Emporium.
  4531 | D:8      | Slain by a warg

Vault maps used:
D:1:      dpeg_arrival_stone_temple_mockup, minivault_19,
          minmay_tree_intersection
D:2:      old_standard_altar, first_bread
D:3:      tgw_trog, nicolae_overflow_hidden_temple, dk_noncrumbling_3,
          minmay_misc_feat_ornament, uniq_ijyb, uniq_robin
D:4:      kennysheep_mini_moat, abandoned_shop
D:5:      yredelemnul_forgotten_temple_becter, kennysheep_mini, serial_shops,
          nicolae_shop_overgrown_old_shop, st_stairs_13,
          guppyfry_early_orc_mine, uniq_duvessa, uniq_menkaure
D:6:      grunt_temple_overflow_order_and_chaos_2, kennysheep_little_box,
          minmay_temple_entry_glass, basic_altar, uniq_eustachio
D:7:      xom_teletrap_fun, nicolae_ossuary_entry_false_entrances, basic_altar,
          kennysheep_windowed_goal, uniq_pikel
D:8:      chequers_temple_overflow_statue_of_worship, erik_lair_orcish_takeover,
          serial_shops, shop

Skill      XL: |  1  2  3  4  5  6  7  8 |
---------------+-------------------------+-----
Spellcasting   | 5 6 |  6.2
Invocations    | 1 2 3 |  3.9
Long Blades    | 1 2 3 |  3.5
Axes           | 1 2 3 |  3.5
Maces & Flails | 1 2 3 |  3.5
Polearms       | 1 2 3 |  3.5
Staves         | 1 2 3 |  3.5
Slings         | 1 2 3 |  3.5
Bows           | 1 2 3 |  3.5
Crossbows      | 1 2 3 |  3.5
Stealth        | 1 2 3 |  3.5
Shields        | 1 2 3 |  3.5
Unarmed Combat | 1 2 3 |  3.5
Evocations     | 1 2 3 |  3.5
Conjurations   | 1 2 |  2.9
Hexes          | 1 2 |  2.9
Charms         | 1 2 |  2.9
Summonings     | 1 2 |  2.9
Necromancy     | 1 2 |  2.9
Transmutations | 1 2 |  2.9
Fire Magic     | 1 2 |  2.9
Ice Magic      | 1 2 |  2.9
Air Magic      | 1 2 |  2.9
Earth Magic    | 1 2 |  2.9
Poison Magic   | 1 2 |  2.9
Throwing       | 3 4 |  4.4
Armour         | 3 4 |  4.4
Fighting       | 5 |  5.8
Short Blades   | 5 |  5.8
Dodging        | 5 |  5.8
Translocations | 6 |  6.2

Action                   |  1- 3 |  4- 6 |  7- 9 || total
-------------------------+-------+-------+-------++-------
Melee: Dagger            |    56 |       |       ||    56
       Short sword       |     6 |       |       ||     6
       Bite              |    14 |     7 |    14 ||    35
       War axe           |    45 |   101 |   116 ||   262
       Unarmed           |       |     6 |       ||     6
       Punch             |       |       |     1 ||     1
 Cast: Gell's Gravitas   |       |     8 |     5 ||    13
       Summon Lightning  |       |       |     1 ||     1
  Use: Potion            |     3 |       |     2 ||     5
       Scroll            |     2 |       |       ||     2
 Stab: Sleeping          |     2 |       |       ||     2
       Confused          |       |     1 |       ||     1
  Eat: Fruit             |     1 |     4 |       ||     5
       Bread ration      |       |     1 |     1 ||     2
Armor: Leather armour    |    28 |       |       ||    28
       Ring mail         |       |    41 |    68 ||   109
       Skin              |       |     2 |       ||     2
Dodge: Dodged            |    91 |    88 |   164 ||   343

Table legend:
 A = Spawn XP
 B = Non-spawn XP
 C = Spawn XP percentage of total XP
 D = Spawn monster count
 E = Non-spawn monster count
 F = Spawn count percentage of total count
 G = Total turns spent on level
                    A         B        C        D         E        F      G
               +---------+---------+-------+---------+---------+-------+---------
         Total |       0 |    2153 |   0.0 |       0 |     127 |   0.0 |  4531
               +---------+---------+-------+---------+---------+-------+---------
           D:1 |       0 |      12 |   0.0 |       0 |       7 |   0.0 |   324
           D:2 |       0 |      38 |   0.0 |       0 |      21 |   0.0 |   868
           D:3 |       0 |     352 |   0.0 |       0 |      50 |   0.0 |  1435
           D:4 |       0 |     337 |   0.0 |       0 |       8 |   0.0 |   732
           D:5 |       0 |      33 |   0.0 |       0 |       2 |   0.0 |    25
           D:6 |       0 |     534 |   0.0 |       0 |      12 |   0.0 |   515
           D:7 |       0 |     336 |   0.0 |       0 |       6 |   0.0 |   327
           D:8 |       0 |     511 |   0.0 |       0 |      21 |   0.0 |   305
               +---------+---------+-------+---------+---------+-------+---------
